 Dungeon Crawl Stone Soup version 0.31-a0-441-g867994ef1c (webtiles) character file.

Game seed: 12953114098335064036

8250 lunkers the Martial Artist (level 11, -1/88 HPs)
             Began as a Meteoran Shapeshifter on Aug 2, 2023.
             Was an Elder of Uskayaw.
             Slain by a meliai
             ... wielding a +0 hand axe
              (14 damage)
             ... on level 3 of the Lair of Beasts.
             The game lasted 00:09:32 (4065 turns).

lunkers the Martial Artist (Meteoran Shapeshifter)  Turns: 4065, Time: 00:09:33

Health: -1/88      AC:  5    Str: 16    XL:     11   Next: 81%
Magic:  16/16      EV: 14    Int: 11    God:    Uskayaw [****..]
Gold:   448        SH:  0    Dex: 19    Spells: 10/10 levels left

rFire   . .          .
                       - Unarmed
rCold   . . .        (no shield)
rNeg    . . .        l - +0 ring mail
rPois   .            (helmet currently unavailable)
rElec   .            (cloak currently unavailable)
rCorr   .            (gloves currently unavailable)
SInv    .            (boots currently unavailable)
Will    +....        (no amulet)
Stlth   +            (no ring)
HPRegen 0.34/turn    (no ring)
MPRegen 0.15/turn

%: no passive effects
@: lethally poisoned (-1 -> -22), beast-form, glowing
A: beast (slay +6), sense surroundings 2, otherworldly, glowing, explore regen
a: Begin Untransformation, Renounce Religion, Stomp, Line Pass


You were on level 3 of the Lair of Beasts.
You worshipped Uskayaw.
Uskayaw was noncommittal.
You were a hulking beast.
You visited 3 branches of the dungeon, and saw 14 of its levels.

You collected 448 gold pieces.

Inventory:

Armour
 a - a +0 animal skin
 b - a +0 buckler
 l - a +0 ring mail (worn)
 o - a +2 cloak of willpower
Talismans
 c - a beast talisman (active)
Wands
 m - a wand of charming (10)
 n - a wand of flame (30)
 u - a wand of acid (10)
 x - a wand of iceblast (11)
Scrolls
 j - a scroll of fear
 k - a scroll of blinking
 q - a scroll of teleportation
Potions
 d - 3 potions of brilliance
 e - 2 potions of haste
 f - 2 potions of curing
 g - a potion of might
 h - a potion of heal wounds
 i - a potion of ambrosia {unknown}
 p - a potion of attraction {unknown}
 r - a potion of magic {unknown}
 s - a potion of degeneration {unknown}
 t - a potion of invisibility {unknown}
 v - a potion of cancellation {unknown}
 w - a potion of experience {unknown}
 z - a potion of mutation {unknown}


   Skills:
 + Level 5.4 Fighting
 + Level 6.5 Dodging
 * Level 14.4 Unarmed Combat
 + Level 5.9 Invocations
 - Level 5.0 Evocations
 - Level 9.0 Shapeshifting


You had 10 spell levels left.
You didn't know any spells.
Your spell library contained the following spells:

 Spells                   Type           Power      Damage    Failure   Level
 Kiss of Death            Conj/Necr      0%         2d5       56%         1
 Confusing Touch          Hex            0%         N/A       90%         3
 Dispel Undead            Necr           0%         3d6       100%        4


Dungeon Overview and Level Annotations

Branches:
Dungeon (10/15) Zot: 2396  Temple (1/1) D:6 Zot: 564    Lair (3/5) D:10 Zot: 1450
 Spider (0/4) Lair:3
  Swamp: Lair:2-3    Shoals: Lair:2-3       Orc: D:9-12

Altars:
Cheibriados
Dithmenos
Elyvilon
Fedhas
Hepliaklqana
Kikubaaqudgha
Uskayaw
Vehumet
Zin
The Shining One
Lugonu

Shops:
D:4 [(::

Annotations:
D:7 exclusion: oklob plant
D:8 2 transporters, jejorda2's ghost, journeyman GnBe


Innate Abilities, Weirdness & Mutations

You are a hulking beast.
Your limbs bulge with bestial killing power. (Slay +6)
You passively map the area around you.
You are easily found by Zot.
You glow in the dark.
You regain HP and MP as you explore.


Message History

You hit the blink frog.
You kill the killer bee!
The blink frog is almost dead.
The blink frog blinks!
The blink frog hits you but does no damage.
Unknown command.
You miss the blink frog.
The blink frog is almost dead.
The blink frog is no longer sharing its pain.
The blink frog barely misses you.
The blink frog blinks!
Unknown command.
You miss the blink frog.
The blink frog is almost dead.
The blink frog hits you!
* * * LOW HITPOINT WARNING * * *
Unknown command.
You hit the blink frog.
The blink frog is almost dead.
The blink frog is no longer sharing its pain.
The blink frog blinks!
A meliai comes into view. It is wielding a +0 hand axe.
Uskayaw prepares the audience for your solo!
Unknown command.
The helpless blink frog fails to defend itself.
You pummel the blink frog!!
You kill the blink frog!
Unknown command.
The meliai is no longer paralysed.
The blink frog is no longer paralysed.
The meliai hits you with a +0 hand axe!
* * * LOW HITPOINT WARNING * * *
The meliai stings you!
* * * LOW HITPOINT WARNING * * *
You see here a blink frog corpse.
You hit the meliai.
The meliai is moderately wounded.
The meliai hits you but does no damage. The meliai stings you!
* * * LOW HITPOINT WARNING * * *
You are lethally poisoned!
The meliai poisons you! The meliai hits you with a +0 hand axe!
You die...

, , * , , *# + * * * *#.
* * # * *..# # , * .###
#### , , ###...#######...
,* ## #..#+..##.##.#.. *
, #.###......###...+.. *
, ,#.#...+......###...†..
, #..yh#......'.††.#... ,
,
......###.......#######..
, ..##.* #...†....# #.P
#### #.......## #.P .y. *
###F+####


#PP *##,, , ##.### ### * ,# #....### * > *,* * ####...# * , ###.#..### #### You
could see a blink frog and a meliai.

Vanquished Creatures
  A skyshark (Lair:2)
  A cyclops (D:7)
  3 komodo dragons
  A hornet (D:9)
  A polar bear (Lair:3)
  4 blink frogs
  3 wyverns
  6 yaks (Lair:3)
  3 vampire mosquitoes (D:10)
  A steam dragon (D:7)
  6 water moccasins
  2 sky beasts
  2 black bears
  An orc warrior (D:10)
  An ogre (D:4)
  4 phantoms (D:6)
  3 centaurs
  5 bullfrogs
  5 scorpions
  9 killer bees
  A howler monkey (D:6)
  A hound (D:6)
  2 gnoll boudas
  3 orc priests
  3 iguanas
  5 hell rats (Lair:3)
  7 gnolls
  4 adders
  A shadow imp (D:6)
  A white imp (D:7)
  2 ufetubi
  4 dart slugs
  5 orcs
  7 ball pythons
  6 endoplasms
  A giant cockroach (D:4)
  4 goblins
  3 hobgoblins
  3 quokkas
  10 bats
  A rat (D:3)
136 creatures vanquished.

Vanquished Creatures (collateral kills)
  2 blink frogs (Lair:2)
2 creatures vanquished.

Grand Total: 138 creatures vanquished

Notes
Turn   | Place    | Note
-------+----------+-------------------------------------------
     0 | D:1      | lunkers the Meteoran Shapeshifter began the quest for the
                  | Orb.
     0 | D:1      | Reached XP level 1. HP: 16/16 MP: 2/2
   231 | D:1      | Reached skill level 4 in Unarmed Combat
   231 | D:1      | Reached XP level 2. HP: 19/23 MP: 3/3
   494 | D:2      | Reached XP level 3. HP: 28/28 MP: 4/4
   565 | D:2      | Reached XP level 4. HP: 28/35 MP: 5/5
   865 | D:3      | Reached skill level 5 in Unarmed Combat
  1055 | D:4      | Reached XP level 5. HP: 40/40 MP: 6/6
  1105 | D:4      | Noticed an ogre
  1110 | D:4      | Killed an ogre
  1111 | D:4      | Reached skill level 6 in Unarmed Combat
  1111 | D:4      | Reached XP level 6. HP: 24/47 MP: 7/7
  1177 | D:4      | Found Jaum's Book Boutique.
  1180 | D:4      | Found Leokhleba's Book Boutique.
  1185 | D:4      | Found Burogrei's Armour Boutique.
  1185 | D:4      | Found Ralaseno's Antique Weapon Boutique.
  1304 | D:4      | Found an ancient bone altar of Kikubaaqudgha.
  1321 | D:5      | Entered Level 5 of the Dungeon
  1328 | D:5      | Noticed a water moccasin
  1340 | D:5      | Killed a water moccasin
  1341 | D:5      | Reached skill level 7 in Unarmed Combat
  1341 | D:5      | Reached skill level 5 in Shapeshifting
  1354 | D:5      | Reached XP level 7. HP: 18/52 MP: 8/8
  1453 | D:5      | Reached skill level 8 in Unarmed Combat
  1464 | D:5      | Found the +11 Singing Sword {sonic wave}
  1740 | D:6      | Reached XP level 8. HP: 51/59 MP: 9/9
  1848 | D:6      | You fall into a shaft and drop 3 floors!
  1866 | D:9      | Noticed a wyvern
  1873 | D:9      | Killed a wyvern
  1874 | D:9      | Reached skill level 9 in Unarmed Combat
  1904 | D:9      | Noticed a wyvern
  1911 | D:9      | Killed a wyvern
  1965 | D:8      | Reached skill level 10 in Unarmed Combat
  1994 | D:8      | Gained mutation: You passively map the area around you.
                  | [Meteoran growth]
  1994 | D:8      | Reached XP level 9. HP: 56/64 MP: 10/10
  2126 | D:6      | Reached skill level 11 in Unarmed Combat
  2433 | D:7      | Reached skill level 12 in Unarmed Combat
  2490 | D:7      | Found a blossoming altar of Fedhas.
  2535 | D:7      | Noticed a cyclops
  2545 | D:7      | Killed a cyclops
  2546 | D:7      | Reached XP level 10. HP: 22/73 MP: 11/11
  2613 | D:6      | Found a staircase to the Ecumenical Temple.
  2630 | Temple   | Entered the Ecumenical Temple
  2652 | Temple   | Became a worshipper of Uskayaw the Reveller
  2697 | D:6      | Reached * piety under Uskayaw
  2700 | D:6      | Reached ** piety under Uskayaw
  2733 | D:6      | Reached *** piety under Uskayaw
  2736 | D:6      | Reached **** piety under Uskayaw
  2752 | D:6      | Reached skill level 1 in Invocations
  2926 | D:7      | Noticed an oklob plant
  2981 | D:8      | Noticed a two-headed ogre
  2981 | D:8      | Noticed jejorda2's ghost (journeyman GnBe)
  2983 | D:8      | Noticed a boulder beetle
  2984 | D:8      | Found a transporter.
  3049 | D:8      | Found a transporter.
  3260 | D:9      | Found a faded altar of an unknown god.
  3317 | D:9      | HP: 3/77 [poisoned by a hornet]
  3482 | D:9      | Found a snail-covered altar of Cheibriados.
  3505 | D:10     | Entered Level 10 of the Dungeon
  3665 | D:10     | Found a staircase to the Lair.
  3667 | D:10     | Noticed a komodo dragon
  3673 | D:10     | Identified the +1 shortbow "Death Rattle" {heavy, Fragile
                  | rElec rC++}
  3685 | D:10     | Killed a komodo dragon
  3686 | D:10     | Reached skill level 13 in Unarmed Combat
  3686 | D:10     | Reached skill level 5 in Evocations
  3695 | Lair:1   | Entered Level 1 of the Lair of Beasts
  3709 | Lair:1   | Noticed a komodo dragon
  3712 | Lair:1   | Killed a komodo dragon
  3732 | Lair:1   | Reached XP level 11. HP: 32/83 MP: 14/14
  3763 | Lair:2   | Noticed a skyshark
  3770 | Lair:2   | Killed a skyshark
  3771 | Lair:2   | Reached skill level 5 in Dodging
  3797 | Lair:2   | Reached ***** piety under Uskayaw
  3903 | Lair:3   | Reached skill level 5 in Invocations
  3928 | Lair:3   | Reached skill level 14 in Unarmed Combat
  3932 | Lair:3   | Reached skill level 5 in Fighting
  4065 | Lair:3   | Slain by a meliai

Illustrated notes

Levels and vault maps discovered:
D:1:      dpeg_arrival_refuge, layout_loops_ring, minmay_misc_feat_diagonals,
          chequers_avenue, grunt_decor_one_mirror, minivault_27
D:2:      layout_loops_cross, kennysheep_generic_room_14
D:3:      layout_basic, minmay_goblin_kobold_house
D:4:      layout_basic, general_overflow_altar, mainiacjoe_overflow_chevrons,
          minmay_shop_grid_forest, minmay_unequal, uniq_menkaure
D:5:      old_forge, layout_gridville, mainiacjoe_overflow_two_lobes,
          corexii_shack, minmay_liquid_box, chequers_serial_rivers_large_b,
          st_stairs_7
D:6:      layout_rooms, minmay_temple_entry_proselytizer,
          dreamdust_princess_bridge
D:7:      layout_cave_pools, tgw_fedhas
D:8:      gammafunk_steamed_eel, layout_basic, kennysheep_mini,
          chequers_temple_overflow_minitemple, gammafunk_ghost_arena
D:9:      layout_irregular_city, overflow_temple_1_default,
          nicolae_overflow_crystal_walls, serial_column_ruins,
          column_ruins_square_medium, column_ruins_temple_circle,
          column_ruins_columns_corner, column_ruins_open_tiny_water,
          column_ruins_open_medium, column_ruins_grid_2
D:10:     layout_rooms, nemelex_altar_shiori, nzn_wu_jian_council_hall,
          david_lair_shrubbed
Temple:   corrupted_temple
Lair:1:   gammafunk_worm_tunnel, layout_loops_ring, lemuel_fruit_tree
Lair:2:   layout_small_grid, gammafunk_ghost_necromancy,
          nicolae_volcano_entry_batcave, grunt_megastairs_4
Lair:3:   layout_roguey, minmay_swamp_entry_worms,
          hellmonk_spider_entry_not_the_bees, uniq_snorg

Skill      XL: |  1  2  3  4  5  6  7  8  9 10 11 |
---------------+----------------------------------+-----
Unarmed Combat | 4 5 6 7 8 10 12 13 14 | 14.4
Shapeshifting  | 4 5 6 8 9 |  9.0
Dodging        | 3 4 6 |  6.5
Evocations     | 2 5 |  5.0
Fighting       | 3 5 |  5.4
Invocations    | 3 5 |  5.9

Action                     |  1- 3 |  4- 6 |  7- 9 | 10-12 || total
---------------------------+-------+-------+-------+-------++-------
  Melee: Unarmed           |    39 |    53 |   159 |   178 ||   429
         Punch             |     4 |     2 |    12 |     7 ||    25
 Invoke: Stomp             |       |       |       |     1 ||     1
  Evoke: Wand              |       |       |     2 |    13 ||    15
    Use: Scroll            |     2 |       |       |    14 ||    16
         Potion            |       |       |       |     2 ||     2
   Stab: Paralysed         |       |       |       |    15 ||    15
 Armour: Animal skin       |     4 |     2 |       |       ||     6
         Ring mail         |       |    10 |    47 |    24 ||    81
         Skin              |       |       |       |    47 ||    47
  Dodge: Dodged            |    19 |    17 |    47 |    83 ||   166

Table legend: (Time is in decaauts)
 A = Elapsed time spent in this place.
 B = Non-inter-level travel time spent in this place.
 C = Inter-level travel time spent in this place.
 D = Time resting spent in this place.
 E = Time spent auto-exploring this place.
 F = Levels seen in this place.
 G = Mean time per level.
                   A        B        C        D        E       F      G
               +--------+--------+--------+--------+--------+-----+--------+
         Total |   3988 |   3683 |    305 |      2 |   2496 |  14 |  284.9 |
       Dungeon |   3603 |   3311 |    292 |      2 |   2368 |  10 |  360.3 |
        Temple |     35 |     22 |     13 |      0 |      0 |   1 |   35.0 |
          Lair |    349 |    349 |      0 |      0 |    128 |   3 |  116.3 |
               +--------+--------+--------+--------+--------+-----+--------+

Top non-repeatable levels by time:
     D:7: 521 daAuts
     D:6: 520 daAuts
     D:1: 412 daAuts
     D:5: 380 daAuts
     D:8: 360 daAuts
     D:2: 335 daAuts
     D:9: 327 daAuts
     D:4: 309 daAuts
     D:3: 255 daAuts
  Lair:3: 225 daAuts
    D:10: 181 daAuts
  Lair:1: 65 daAuts
  Lair:2: 58 daAuts
  Temple: 35 daAuts
